 Dungeon Crawl Stone Soup version 0.30.0-18-gc0e69614cb (webtiles) character file.

Game seed: 7470068211579481047

549 Edyrem the Chopper (level 7, -1/62 HPs)
             Began as a Hill Orc Monk on May 25, 2023.
             Slain by an ogre
             ... wielding a +0 giant spiked club
              (6 damage)
             ... on level 5 of the Dungeon.
             The game lasted 00:08:01 (3802 turns).

Edyrem the Chopper (Hill Orc Monk)                  Turns: 3802, Time: 00:08:02

Health: -1/62      AC: 13    Str: 16    XL:     7   Next: 28%
Magic:  7/7        EV:  8    Int: 10    God:
Gold:   2          SH:  0    Dex: 13    Spells: 6/6 levels left

rFire   . . .        a - +0 scimitar "Ecsun" {freeze, Fragile rN+ Will++}
rCold   + . .        d - orb {light}
rNeg    + . .        s - +2 chain mail {rC+}
rPois   .            v - +1 hat
rElec   .            (no cloak)
rCorr   .            D - +0 pair of gloves
SInv    .            (no boots)
Will    ++...        (no amulet) Stlth
                     (no ring)
HPRegen 0.30/turn    (no ring)
MPRegen 0.10/turn

%: no passive effects
@: glowing
A: no striking features
a: Convert to Beogh


You were on level 5 of the Dungeon.
You visited 1 branch of the dungeon, and saw 5 of its levels.

You collected 200 gold pieces.
You spent 198 gold pieces at shops.

Inventory:

Hand Weapons
 a - the +0 scimitar "Ecsun" (weapon) {freeze, Fragile rN+ Will++}
   (You bought it in a shop on level 5 of the Dungeon)

   rN:        It protects you from negative energy.
   Fragile:   It will be destroyed if unequipped.
   Will:      It greatly increases your willpower.
 b - a +0 morningstar
 B - a +0 double sword
 F - a +0 war axe
Missiles
 f - 4 javelins (quivered)
 x - 11 poisoned darts
Armour
 d - an orb of light (worn)
 s - a +2 chain mail of cold resistance (worn)
 v - a +1 hat (worn)
 y - a +0 plate armour
 D - a +0 pair of gloves (worn)
Jewellery
 k - a ring of fire
Scrolls
 e - 5 scrolls of identify {unknown}
 h - a scroll of acquirement {unknown}
 i - 2 scrolls of poison {unknown}
 m - 2 scrolls of teleportation {unknown}
 p - 3 scrolls of noise {unknown}
 r - a scroll of enchant weapon {unknown}
 u - a scroll of magic mapping {unknown}
 w - a scroll of immolation {unknown}
 C - a scroll of amnesia {unknown}
Potions
 c - a potion of ambrosia
 g - a potion of haste
 j - a potion of attraction {unknown}
 l - 2 potions of mutation {unknown}
 n - a potion of brilliance {unknown}
 o - 2 potions of magic {unknown}
 t - 2 potions of curing {unknown}
 z - a potion of might {unknown}
 A - a potion of flight {unknown}
 E - a potion of degeneration {unknown}


   Skills:
 + Level 5.7 Fighting
 * Level 1.0 Long Blades
 - Level 6.2 Axes
 + Level 3.8 Armour
 + Level 3.9 Dodging


You had 6 spell levels left.
You didn't know any spells.
Your spell library was empty.

Dungeon Overview and Level Annotations

Branches:
Dungeon (5/15)
 Temple: D:4-7

Altars:

Shops:
D:5 (

Annotations:
D:3 3 runed translucent doors, Cheops's ghost, amateur AtEE; JanusIIV's ghost, amateur DEHu; PerfectTommy's ghost, weakling HONe; Runnerthe2's ghost, amateur OpTm


Message History

The orc closely misses you. The orc hits you but does no damage.
The ogre hits you with a +0 giant spiked club!
The orc priest mumbles some strange prayers to Beogh against you.
Beogh smites you!
* * * LOW HITPOINT WARNING * * *
You slash the orc priest! You freeze the orc priest.
You kill the orc priest!
The orc wizard barely misses you. The orc priest closely misses you.
The orc hits you but does no damage. The ogre hits you but does no damage.
Your Long Blades skill increases to level 1!
You hit the orc but do no damage.
The orc priest shouts, "Join the one true god or die!"
The orc hits you with a +0 dagger.
* * * LOW HITPOINT WARNING * * *
The orc wizard hits you but does no damage.
The orc hits you but does no damage. The orc priest hits you with a +0 whip.
* * * LOW HITPOINT WARNING * * *
The orc hits you but does no damage. x2; The orc closely misses you.
The orc hits you but does no damage. The orc priest hits you with a +0 whip.
* * * LOW HITPOINT WARNING * * *
The ogre barely misses you.
The orc wizard hits you but does no damage.
You feel much better. The orc hits you with a +0 dagger.
The orc hits you but does no damage. The orc hits you with a +0 hand axe.
The orc wizard completely misses you. The orc priest barely misses you.
You barely miss the orc priest.
The ogre hits you with a +0 giant spiked club!!
* * * LOW HITPOINT WARNING * * *
The orc barely misses you.
The orc wizard hits you but does no damage.
The orc closely misses you.
The orc priest shouts, "Beogh is our master!
Accept the truth or die!"
The orc priest hits you but does no damage.
The orc hits you but does no damage.
You hit the orc priest but do no damage.
The orc priest shouts, "Join the one true god or die!"
The orc closely misses you. The orc hits you but does no damage.
The white imp grinds its teeth.
The ogre hits you with a +0 giant spiked club.
You die...

#.....##.
...........##.
.........
####..#.####
........######....#
..o......#..)..#.##
..........#####...
...........# ####..
.<.#5oo.#.### #..
#oOoo....# #
#o@oh......
##o####.##.. #.# .#
# #.# $. #.. # ##.
. ..


You could see an ogre, a hound, an orc priest, an orc wizard, a white imp and 6
orcs.

Vanquished Creatures
  2 scorpions (D:4)
  An orc priest (D:5)
  Natasha (thrice) (D:4)
  5 iguanas
  An orc wizard (D:3)
  3 gnolls (D:2)
  6 adders
  2 worms (D:2)
  2 dart slugs (D:3)
  7 orcs
  4 ball pythons (D:3)
  5 bats
  6 endoplasms
  2 giant cockroaches
  6 goblins
  7 hobgoblins
  9 jackals
  9 kobolds
  2 quokkas
  3 frilled lizards
  5 rats
90 creatures vanquished.

Notes
Turn   | Place    | Note
-------+----------+-------------------------------------------
     0 | D:1      | Edyrem the Hill Orc Monk began the quest for the Orb.
     0 | D:1      | Reached XP level 1. HP: 19/19 MP: 1/1
   354 | D:1      | Reached XP level 2. HP: 25/27 MP: 2/2
   587 | D:2      | Reached skill level 1 in Armour
   686 | D:2      | Reached XP level 3. HP: 11/33 MP: 3/3
   896 | D:2      | Reached XP level 4. HP: 27/40 MP: 4/4
  1331 | D:3      | Reached skill level 5 in Axes
  1405 | D:3      | Found a runed translucent gate.
  1406 | D:3      | Found a runed translucent gate.
  1437 | D:3      | Reached XP level 5. HP: 43/47 MP: 5/5
  1461 | D:3      | Found a runed translucent gate.
  1467 | D:3      | Noticed Cheops's ghost (amateur AtEE)
  1467 | D:3      | Noticed Runnerthe2's ghost (amateur OpTm)
  1468 | D:3      | Noticed PerfectTommy's ghost (weakling HONe)
  1468 | D:3      | Noticed JanusIIV's ghost (amateur DEHu)
  2301 | D:4      | Reached skill level 5 in Fighting
  2301 | D:4      | Reached XP level 6. HP: 47/56 MP: 6/6
  2722 | D:4      | Reached skill level 6 in Axes
  2917 | D:4      | Noticed Natasha
  2923 | D:4      | Killed Natasha
  2924 | D:4      | Reached XP level 7. HP: 61/61 MP: 7/7
  3081 | D:4      | Noticed Natasha
  3093 | D:4      | Killed Natasha
  3684 | D:4      | Noticed Natasha
  3692 | D:4      | Killed Natasha
  3713 | D:5      | Entered Level 5 of the Dungeon
  3713 | D:5      | Found Boerghoi's Antique Weapon Boutique.
  3717 | D:5      | Bought a buzzing scimitar for 198 gold pieces
  3717 | D:5      | Identified the +0 scimitar "Ecsun" {freeze, Fragile rN+
                  | Will++} (You bought it in a shop on level 5 of the Dungeon)
  3799 | D:5      | Reached skill level 1 in Long Blades
  3802 | D:5      | Slain by an ogre

Illustrated notes

Levels and vault maps discovered:
D:1:      evilmike_arrival_hilbert_curve, layout_basic
D:2:      layout_basic
D:3:      layout_basic, gammafunk_ghost_cemetery
D:4:      layout_basic, uniq_natasha
D:5:      layout_rooms, kennysheep_mini, serial_shops, shop

Skill      XL: |  1  2  3  4  5  6  7 |
---------------+----------------------+-----
Armour         | 1 2 3 |  3.8
Fighting       | 4 5 |  5.7
Dodging        | 3 |  3.9
Axes           | 5 6 |  6.2
Long Blades    | 1 |  1.0

Action                     |  1- 3 |  4- 6 |  7- 9 || total
---------------------------+-------+-------+-------++-------
  Melee: Hand axe          |    82 |    23 |       ||   105
         War axe           |       |   110 |    16 ||   126
         Scimitar          |       |       |    23 ||    23
    Use: Potion            |       |       |     3 ||     3
 Armour: Ring mail         |    18 |    13 |       ||    31
         Chain mail        |       |    65 |    46 ||   111
  Dodge: Dodged            |    49 |    56 |    51 ||   156
